 Dungeon Crawl Stone Soup version 0.29.1-15-g9cfb28693d (webtiles) character file.

Game seed: 9599940038148690010

2169 Gabide the Trooper (level 9, 0/79 (93) HPs)
             Began as an Ogre Monk on Feb 22, 2023.
             Was a Priest of Elyvilon.
             Slain by a wight
             ... wielding a +0 trident
              (2 damage)
             ... on level 7 of the Dungeon.
             The game lasted 00:12:57 (10589 turns).

Gabide the Trooper (Ogre Monk)                     Turns: 10589, Time: 00:12:57

HP:   0/79 (93)     AC:  5    Str: 21    XL:     9   Next: 32%
MP:   14/14         EV: 12    Int: 11    God:    Elyvilon [***...]
Gold: 406           SH:  0    Dex: 17    Spells: 8/8 levels left

rFire   . . .      SeeInvis .   a - +6 hand axe
rCold   . . .      Faith    .   (no shield)
rNeg    + . .      Spirit   .   x - +1 robe {rN+}
rPois   .          Reflect  .   (helmet restricted)
rElec   .          Harm     .   u - +0 cloak
rCorr   .          Rampage  .   (gloves unavailable)
Will    .....                   (boots unavailable)
Stlth   ++........              i - amulet of magic regeneration
HPRegen 0.23/turn               n - ring of flight
MPRegen 0.54/turn               p - +6 ring of dexterity

@: mighty, flying, studying Throwing, heavily drained
A: large, unfitting armour, tough skin 1
a: Renounce Religion, Purification, Heal Other, Heal Self


You were on level 7 of the Dungeon.
You worshipped Elyvilon.
Elyvilon was most pleased with you.
You visited 1 branch of the dungeon, and saw 7 of its levels.

You collected 406 gold pieces.

Inventory:

Hand Weapons
 a - a +6 hand axe (weapon)
 b - a +0 sling
 j - the +8 rapier of Moor {venom, Fly rPois Int+7}
   (You found it on level 6 of the Dungeon)

   It poisons the flesh of those it strikes.
   Int:       It affects your intelligence (+7).
   rPois:     It protects you from poison.
   Fly:       It grants you flight.
 w - a +0 spear
Missiles
 s - 9 datura-tipped darts
Armour
 u - a +0 cloak (worn)
 x - a +1 robe of positive energy (worn)
Jewellery
 i - an amulet of magic regeneration (around neck)
 n - a ring of flight (left hand)
 p - a +6 ring of dexterity (right hand)
Wands
 v - a wand of digging (5)
Scrolls
 e - 4 scrolls of teleportation
 k - a scroll of enchant armour
 q - a scroll of identify
 r - a scroll of brand weapon {unknown}
Potions
 c - 2 potions of haste {unknown}
 d - a potion of berserk rage {unknown}
 f - 2 potions of brilliance
 g - 3 potions of flight
 l - a potion of heal wounds {unknown}
 m - a potion of invisibility {unknown}
 o - a potion of mutation {unknown}
 t - 3 potions of degeneration {unknown}


   Skills:
 * Level 7.4 Fighting
 * Level 5.6(6.8) Axes
 - Level 6.0(7.0) Polearms
 + Level 4.5 Dodging
 - Level 2.0 Stealth
 * Level 7.0 Invocations


You had 8 spell levels left.
You didn't know any spells.
Your spell library contained the following spells:

 Spells                   Type           Power      Damage    Failure   Level
 Beastly Appendage        Tmut           0%         N/A       34%         1
 Foxfire                  Conj/Fire      0%         2x1d4     34%         1
 Sandblast                Erth           0%         2d4       34%         1
 Passwall                 Tmut/Erth      0%         N/A       47%         2
 Static Discharge         Conj/Air       0%         3-3/arc   47%         2
 Wereblood                Tmut           0%         N/A       47%         2
 Conjure Flame            Conj/Fire      0%         6-21      71%         3
 Dazzling Flash           Conj/Hex       0%         N/A       71%         3
 Inner Flame              Hex/Fire       0%         N/A       71%         3
 Ozocubu's Armour         Ice            0%         N/A       71%         3
 Spider Form              Tmut/Pois      0%         N/A       71%         3
 Stone Arrow              Conj/Erth      0%         3d7       71%         3
 Cause Fear               Hex            0%         N/A       98%         4
 Flame Wave               Conj/Fire      0%         2d4       98%         4
 Agony                    Necr           0%         N/A       100%        5
 Lightning Bolt           Conj/Air       0%         1d11      100%        5
 Metabolic Englaciation   Hex/Ice        0%         N/A       100%        5
 Silence                  Hex/Air        0%         N/A       100%        5
 Simulacrum               Ice/Necr       0%         N/A       100%        6
 Dragon Form              Tmut           0%         N/A       100%        7
 Maxwell's Capacitive Co  Air            0%         ∞         100%        8
 Dragon's Call            Summ           0%         N/A       100%        9


Dungeon Overview and Level Annotations

Branches:
Dungeon (7/15)             Temple (0/1) D:7

Altars:
Ashenzari
Cheibriados
Elyvilon
Kikubaaqudgha
Ru
Trog
Wu Jian
Zin
The Shining One


Innate Abilities, Weirdness & Mutations

You are too large for most types of armour.
You have tough skin. (AC +1)


Message History

You hit the wight. The wight hits you with a +0 flail.
The wight hits you with a +0 falchion! You partially resist.
You feel drained.
You hit the wight but do no damage.
The wight is moderately damaged.
You hit the wight but do no damage. The wight closely misses you.
The wight hits you with a +0 falchion. You partially resist.
You feel drained.
You hit the wight.
The wight is severely damaged.
You hit the wight. The wight misses you. The wight hits you with a +0 falchion.
You partially resist.
You feel drained. The wight barely misses you.
You slash the wight!
You destroy the wight!
You hit the wight. The wight hits you with a +0 flail. You partially resist.
You feel drained.
The wight splashes around in the water.
You hit the wight.
The wight is severely damaged.
The wight closely misses you.
The wight hits you from afar with a +2 halberd!
You partially resist.
You feel drained.
The wight splashes around in the water.
You barely miss the wight. You punch the wight, but do no damage.
The wight is severely damaged.
The wight hits you with a +0 flail! You partially resist.
You feel drained.
The wight hits you from afar with a +2 halberd!
The wight hits you from afar with a +0 trident.
* * * LOW HITPOINT WARNING * * *
You partially resist.
You feel drained.
The electric eel shoots out a bolt of lightning at you!
The bolt of electricity hits you!
* * * LOW HITPOINT WARNING * * *
You feel very mighty all of a sudden. The wight hits you with a +0 flail!
* * * LOW HITPOINT WARNING * * *
You partially resist.
You feel drained. Elyvilon protects you from harm!
You slash the wight!
You destroy the wight!
The wight hits you from afar with a +0 trident!
Elyvilon protects you from harm! You partially resist.
You feel drained.
You die...

####..####.#####.......
##..................
##########.........
##...## ##........
##.....## ##.......
#.......# #.......
#.......# ###.#...
#.......# #..>..
#.@...########.#...
########)......>........
~~~~~~z'z...#######.#...
......z'z...# #.#...
~~~~~S.'....# #.#..#
########...## #####.#..#
#...## #..[..#.## #####
#..)....# #.)∩)...#


You could see 2 wights.

Vanquished Creatures
  A steam dragon (D:7)
  A water moccasin (D:5)
  3 sky beasts
  2 ogres
  A centaur (D:7)
  2 phantoms
  2 bullfrogs
  A necrophage (D:4)
  2 scorpions
  5 wights
  3 killer bees (D:7)
  3 vampire bats (D:6)
  2 orc priests (D:5)
  A hound (D:5)
  2 iguanas (D:5)
  An orc wizard (D:5)
  8 adders
  A shadow imp (D:6)
  2 ufetubi
  2 worms
  A dart slug (D:1)
  13 orcs
  6 ball pythons
  2 bat skeletons (D:6)
  3 bat zombies (D:6)
  An endoplasm (D:1)
  3 giant cockroaches
  7 goblins
  8 hobgoblins
  3 quokkas
  4 bats
  3 frilled lizards
  8 kobolds
  3 rats
110 creatures vanquished.

Vanquished Creatures (others)
  7 plants (D:4)
7 creatures vanquished.

Grand Total: 117 creatures vanquished

Notes
Turn   | Place    | Note
-------+----------+-------------------------------------------
     0 | D:1      | Gabide the Ogre Monk began the quest for the Orb.
     0 | D:1      | Reached XP level 1. HP: 24/24 MP: 1/1
   183 | D:1      | Reached XP level 2. HP: 28/32 MP: 2/2
   274 | D:1      | You fall into a shaft and drop 1 floor!
   632 | D:1      | Reached XP level 3. HP: 40/40 MP: 3/3
  2338 | D:3      | Found a sacrificial altar of Ru.
  2374 | D:3      | Found a faded altar of an unknown god.
  2377 | D:3      | Reached skill level 5 in Fighting
  2463 | D:3      | Noticed a golden eye
  2463 | D:3      | Noticed a floating eye
  2470 | D:3      | Noticed a golden eye
  2489 | D:3      | Noticed an eye of devastation
  2840 | D:3      | Reached XP level 4. HP: 50/50 MP: 4/4
  3053 | D:4      | Found an ornate altar of the Wu Jian Council.
  3053 | D:4      | Found a snail-covered altar of Cheibriados.
  3578 | D:4      | Noticed a necrophage
  3616 | D:4      | Killed a necrophage
  3617 | D:4      | Reached XP level 5. HP: 21/56 MP: 5/5
  3941 | D:4      | Noticed an ogre
  4434 | D:4      | Found a white marble altar of Elyvilon.
  4490 | D:4      | Became a worshipper of Elyvilon the Healer
  4490 | D:4      | Reached * piety under Elyvilon
  4490 | D:4      | Reached ** piety under Elyvilon
  4746 | D:5      | Entered Level 5 of the Dungeon
  4803 | D:5      | HP: 4/88 [orc/+0 flail (6)]
  4818 | D:5      | Reached skill level 1 in Invocations
  5168 | D:5      | Reached XP level 6. HP: 46/67 MP: 7/7
  5283 | D:5      | Found a bloodstained altar of Trog.
  5513 | D:5      | Noticed a black bear
  5514 | D:5      | Pacified a black bear
  5515 | D:5      | Reached skill level 5 in Polearms
  5778 | D:5      | Reached XP level 7. HP: 66/75 MP: 9/9
  7025 | D:5      | Found a broken altar of Ashenzari.
  7070 | D:5      | Reached skill level 5 in Invocations
  7070 | D:5      | Reached XP level 8. HP: 18/83 MP: 10/12
  7641 | D:6      | Found an ancient bone altar of Kikubaaqudgha.
  7645 | D:6      | Reached skill level 1 in Axes
  7805 | D:6      | Identified the +8 rapier of Moor {venom, Fly rPois Int+7}
  7873 | D:6      | Found a glowing golden altar of the Shining One.
  7923 | D:6      | Found a glowing silver altar of Zin.
  8596 | D:6      | Found the +8 demon blade "Leech" {vamp, Harm Drain rN+}
  8679 | D:7      | Reached *** piety under Elyvilon
  9445 | D:7      | Reached skill level 5 in Axes
  9445 | D:7      | Reached XP level 9. HP: 49/92 MP: 13/13
 10357 | D:7      | Found a staircase to the Ecumenical Temple.
 10370 | D:7      | Identified the +7 quarterstaff of the Mushroom {spect,
                  | Dex+7}
 10407 | D:7      | Identified the +10 spear "Pahil" {drain, rF+}
 10588 | D:7      | HP: 2/83 [wight/+0 flail (11)]
 10588 | D:7      | Elyvilon protects you from harm!
 10589 | D:7      | Elyvilon protects you from harm!
 10589 | D:7      | Slain by a wight

Illustrated notes

Levels and vault maps discovered:
D:1:      amcnicky_arrival_gap_in_the_tavern_cellar, layout_loops_ring,
          chequers_arboretum, minivault_24, serial_bayou_lagoon_b
D:2:      layout_basic
D:3:      layout_loops_corners, mainiacjoe_overflow_tiny_flanked,
          hellmonk_ecumenical_altar_watching_god
D:4:      layout_basic, nicolae_elyvilon_temple_path,
          gammafunk_temple_overflow_wave
D:5:      minmay_angry_zag, layout_basic, overflow_temple_1_default,
          kennysheep_mini_moat
D:6:      layout_basic, mainiacjoe_overflow_paths, zin_scriptorium,
          kennysheep_vampire_church
D:7:      hellmonk_ruined_rings, layout_rooms, minmay_temple_entry_mist,
          enter_bailey_2, kennysheep_cross_bottleneck

Skill      XL: |  1  2  3  4  5  6  7  8  9 |
---------------+----------------------------+-----
Dodging        | 3 4 |  4.5
Fighting       | 5 6 7 |  7.4
Polearms       | 4 5 6 |  6.0
Invocations    | 1 3 5 6 7 |  7.0
Axes           | 5 |  5.6
Stealth        | 2 |  2.0

Action                   |  1- 3 |  4- 6 |  7- 9 || total
-------------------------+-------+-------+-------++-------
Melee: Spear             |   153 |   174 |       ||   327
       Punch             |       |     2 |     2 ||     4
       Hand axe          |       |     4 |   225 ||   229
 Fire: Sling             |     1 |    21 |    16 ||    38
Invok: Purification      |       |     1 |       ||     1
       Heal Other        |       |     2 |     3 ||     5
  Use: Scroll            |     5 |     8 |     5 ||    18
       Potion            |       |     5 |     3 ||     8
 Stab: Sleeping          |     8 |       |     3 ||    11
Armor: Robe              |    28 |    40 |    96 ||   164
       Skin              |       |    22 |       ||    22
Dodge: Dodged            |    54 |    70 |   142 ||   266
